 Dungeon Crawl Stone Soup version 0.29-a0-322-g68df515428 (webtiles) character file.

Game seed: 16251477822044270749

56949 siradein the Sharpshooter (level 14, 0/133 HPs)
             Began as a Minotaur Hunter on Apr 8, 2022.
             Was an Initiate of Gozag.
             Slain by Acaps's ghost (1 damage)
             ... on level 9 of the Dungeon.
             The game lasted 01:24:00 (22866 turns).

siradein the Sharpshooter (Minotaur Hunter)        Turns: 22866, Time: 01:24:01

Health: 0/133      AC: 22    Str: 16    XL:     14   Next: 43%
Magic:  13/13      EV: 20    Int:  6    God:    Gozag
Gold:   2226       SH:  0    Dex: 19    Spells: 13/13 levels left

rFire   . . .      SeeInvis +   b - +8 whip "Snakebite" {venom, curare, rPois}
rCold   + + .      Faith    +   (no shield)
rNeg    + + .      Spirit   .   v - +5 ring mail of Riseuhel {rElec rPois rC+}
rPois   +          Reflect  .   (helmet restricted)
rElec   +          Harm     .   (no cloak)
rCorr   .          Rampage  +   z - +1 pair of gloves
Will    +....                   T - +2 pair of boots {rampage}
Stlth   +.........              A - amulet of the Nightingale {Faith rC+ rN+ SInv}
HPRegen 0.32/turn               V - ring of positive energy
MPRegen 0.13/turn               E - +4 ring of protection

@: about to teleport, studying 2 skills
A: horns 2, retaliatory headbutt
a: Renounce Religion, Potion Petition, Call Merchant, Bribe Branch


You were on level 9 of the Dungeon.
You worshipped Gozag.
Gozag was most pleased with you.
You visited 4 branches of the dungeon, and saw 22 of its levels.

You collected 4658 gold pieces.
You spent 930 gold pieces at shops.
You paid 1502 gold pieces to Gozag.

Inventory:

Hand Weapons
 a - the +5 arbalest of the Queen {penet, rElec Will- Dex+3 Stlth-}
   (You acquired it on level 12 of the Dungeon)

   Any ammunition fired by it passes through the targets it hits, potentially
   hitting all targets in its path until it reaches maximum range.
   Dex:       It affects your dexterity (+3).
   rElec:     It insulates you from electricity.
   Will:      It decreases your willpower.
   Stlth:     It makes you less stealthy.
 b - the +8 whip "Snakebite" (weapon) {venom, curare, rPois}
   (You found it on level 1 of the Lair of Beasts)

   It poisons the flesh of those it strikes.
   It occasionally inflicts asphyxiating poison on those it strikes, dealing
   poison damage and causing slowness.
   rPois:     It protects you from poison.
 S - a +4 hand crossbow of venom
Missiles
 K - 5 curare-tipped darts
 M - a throwing net
Armour
 v - the +5 ring mail of Riseuhel (worn) {rElec rPois rC+}
   (You bought it in a shop on level 12 of the Dungeon)

   rC:        It protects you from cold.
   rElec:     It insulates you from electricity.
   rPois:     It protects you from poison.
 z - a +1 pair of gloves (worn)
 T - a +2 pair of boots of rampaging (worn)
Jewellery
 g - a +6 ring of intelligence
 k - a ring of poison resistance
 n - an amulet of regeneration
 u - an amulet of magic regeneration
 x - a ring of flight
 A - the amulet of the Nightingale (around neck) {Faith rC+ rN+ SInv}
   (You found it on level 6 of the Lair of Beasts)

   [amulet of faith]

   It allows you to gain divine favour quickly.
   rC:        It protects you from cold.
   rN:        It protects you from negative energy.
   SInv:      It lets you see invisible.
 E - a +4 ring of protection (right hand)
 N - a ring of see invisible
 V - a ring of positive energy (left hand)
Wands
 h - a wand of flame (28)
 y - a wand of digging (3)
 F - a wand of iceblast (6)
 I - a wand of paralysis (2)
 O - a wand of acid (6)
 R - a wand of mindburst (1)
 X - a wand of charming (4)
Scrolls
 c - 3 scrolls of immolation
 e - 3 scrolls of magic mapping
 i - 5 scrolls of enchant armour
 m - a scroll of holy word
 o - 5 scrolls of enchant weapon
 p - 7 scrolls of amnesia
 s - a scroll of silence
 t - 2 scrolls of blinking
 G - 3 scrolls of fear
 P - 4 scrolls of teleportation
 Q - 3 scrolls of fog
 W - a scroll of brand weapon
 Y - a scroll of summoning {unknown}
Potions
 d - 3 potions of flight
 f - 2 potions of resistance
 j - a potion of berserk rage
 l - 8 potions of curing
 q - 5 potions of brilliance
 r - a potion of lignification {unknown}
 B - a potion of magic {unknown}
 D - 5 potions of haste
 H - a potion of ambrosia
 J - 4 potions of heal wounds
 L - a potion of invisibility
 U - a potion of mutation
 Z - a potion of might {unknown}
Miscellaneous
 C - a box of beasts


   Skills:
 + Level 14.9 Fighting
 + Level 7.6 Maces & Flails
 + Level 15.4 Crossbows
 + Level 11.0 Armour
 + Level 14.8 Dodging
 - Level 0.7 Stealth
 + Level 8.3 Evocations


You had 13 spell levels left.
You didn't know any spells.
Your spell library contained the following spells:

 Spells                   Type           Power      Damage    Failure   Level
 Corpse Rot               Necr/Air       0%         N/A       77%         2
 Poisonous Vapours        Pois/Air       0%         N/A       77%         2
 Static Discharge         Conj/Air       0%         N/A       77%         2
 Ozocubu's Armour         Ice            0%         N/A       94%         3
 Dispel Undead            Necr           0%         3d6       100%        4
 Sticky Flame             Conj/Fire      0%         2d3       100%        4
 Summon Ice Beast         Ice/Summ       0%         N/A       100%        4
 Metabolic Englaciation   Hex/Ice        0%         N/A       100%        5
 Summon Mana Viper        Hex/Summ       0%         N/A       100%        5
 Simulacrum               Ice/Necr       0%         N/A       100%        6
 Monstrous Menagerie      Summ           0%         N/A       100%        7


Dungeon Overview and Level Annotations

Branches:
Dungeon (14/15)            Temple (1/1) D:5            Lair (6/6) D:9
  Swamp (0/4) Lair:2       Spider (0/4) Lair:4        Slime (0/5) Lair:5
    Orc (1/2) D:9
 Vaults: D:13-14

Altars:
Ashenzari
Cheibriados
Dithmenos
Elyvilon
Fedhas
Gozag
Hepliaklqana
Kikubaaqudgha
Makhleb
Nemelex Xobeh
Okawaru
Qazlal
Ru
Sif Muna
Trog
Uskayaw
Vehumet
Wu Jian
Xom
Yredelemnul
Zin
The Shining One
Beogh
Jiyva

Shops:
D:3 ?   D:5 (   D:12 **   Lair:6 (

Annotations:
D:9 Acaps's ghost, journeyman GrFi
Lair:2 2 transporters, dolemite99's ghost, journeyman GnEE


Innate Abilities, Weirdness & Mutations

You have a pair of horns on your head.
You reflexively headbutt those who attack you in melee.


Message History

You shoot a bolt. The bolt pierces through Acaps's ghost.
Acaps's ghost is moderately damaged.
Acaps's ghost hits you!
You shoot a bolt.
The bolt completely misses Acaps's ghost.
Acaps's ghost barely misses you. Acaps's ghost hits you!
You shoot a bolt.
The bolt pierces through Acaps's ghost but does no damage.
Acaps's ghost is moderately damaged.
Acaps's ghost whispers, "Everlasting silence awaits you..."
Acaps's ghost completely misses you. You furiously retaliate!
You headbutt Acaps's ghost, but do no damage.
The +8 whip "Snakebite" {venom, curare, rPois} begins to drip with poison!
b - the +8 whip "Snakebite" (weapon)
{venom, curare, rPois} You hit Acaps's ghost but do no damage.
Acaps's ghost is moderately damaged.
Acaps's ghost hits you!
You hit Acaps's ghost but do no damage.
You headbutt Acaps's ghost, but do no damage.
Acaps's ghost is moderately damaged.
Acaps's ghost hits you!
You barely miss Acaps's ghost.
Acaps's ghost is moderately damaged.
Acaps's ghost hits you!
* * * LOW HITPOINT WARNING * * *
x2 Acaps's ghost attacks as you move away!
Acaps's ghost closely misses you.
There is a staircase back to the Dungeon, spattered with blood here.
Acaps's ghost hits you!!
* * * LOW HITPOINT WARNING * * *
x2 You climb upwards.
Welcome back to the Dungeon!
There is a staircase to the Orcish Mines here.
Things that are here:
a +0 dagger; a +0 scale mail; a +0 trident
As you read the scroll of teleportation, it crumbles to dust.
You feel strangely unstable. Acaps's ghost hits you.
* * * LOW HITPOINT WARNING * * *
x2 Acaps's ghost hits you.
* * * LOW HITPOINT WARNING * * *
You die...
Your body crumbles into a pile of gold.

#[# #.##.### #.. #.#
##### ##)##)# #.. #.#
#...#####...#.# ##.. ..#
#.8.......8.#.# ##.).
### #...#####...#.###
##.#.. ###
##.#'###)#.##.#.###.##..
..#
#.##...##.##..#.......#
#.#
#.##.W.##.##.#.###.##.#
#.# #.##..@##.##.#.#
##.#.# #.#
##.#'###'#.##...# ##...
#.# #...## ##...#.#.#
##.# #.# #.8.# #.8...#.#
#.. #.# #...# #...###.#
### #.#
###############.# #
#.#########.....#
#......# #
#...............#
#.####.# #
#.#########.....# #.#
#.# #


You could see Acaps's ghost.

Vanquished Creatures
  Gastronok (Lair:3)
  Josephine (D:10)
  3 hydras
  4 boulder beetles
  Erica (D:11)
  An anaconda (shapeshifter) (D:12)
  2 catoblepae (Lair:6)
  4 two-headed ogres
  An orc high priest (Orc:1)
  A deep troll shaman (Lair:6)
  3 death yaks (Lair:6)
  Sonja (D:11)
  Amaemon (Lair:3)
  A lindwurm (Lair:6)
  An orc knight (Orc:1)
  Pikel (D:5)
  The ghost of Laraso the Cudgeller, a novice PaAK of Lugonu (D:6)
  An orc sorcerer (Orc:1)
  3 cyclopes
  2 manticores
  9 elephants
  A torpor snail (Lair:6)
  A gargoyle (D:10)
  8 black mambas
  11 cane toads
  An orange demon (Lair:3)
  8 komodo dragons
  2 rime drakes
  2 polar bears
  5 trolls
  9 dream sheep
  34 blink frogs
  2 shadows
  2 vampires (D:11)
  A culicivora (Lair:4)
  6 wraiths
  19 yaks
  6 wyverns
  2 basilisks
  2 steam dragons
  9 vampire mosquitoes
  2 acid dragons (D:12)
  23 water moccasins
  Duvessa (D:6)
  15 orc warriors
  A sky beast (D:7)
  An ice beast (D:5)
  6 black bears
  7 wolves
  4 ogres
  10 centaurs
  A phantom (D:4)
  Blork the orc (D:6)
  8 bullfrogs
  A necrophage (D:6)
  2 gnoll sergeants
  3 scorpions (D:5)
  3 wights (D:7)
  Dowan (D:6)
  6 killer bees (D:6)
  A spectral ogre (Orc:1)
  4 howler monkeys
  3 electric eels
  15 orc priests
  A hound (D:6)
  A gnoll shaman (D:6)
  4 iguanas
  16 orc wizards
  2 spectral orcs (Orc:1)
  A troll simulacrum (Orc:1)
  20 gnolls
  14 adders
  An ogre simulacrum (Orc:1)
  A white imp (D:6)
  3 dart slugs
  93 orcs
  2 ball pythons
  5 endoplasms
  4 giant cockroaches
  5 goblins
  8 hobgoblins
  4 quokkas
  6 bats
  3 frilled lizards
  2 kobolds
  A kobold skeleton (D:4)
  2 rats (D:1)
492 creatures vanquished.

Vanquished Creatures (others)
  22 fungi
  82 plants
104 creatures vanquished.

Grand Total: 596 creatures vanquished

Notes
Turn   | Place    | Note
-------+----------+-------------------------------------------
     0 | D:1      | siradein the Minotaur Hunter began the quest for the Orb.
     0 | D:1      | Reached XP level 1. HP: 18/18 MP: 0/0
    60 | D:1      | Reached XP level 2. HP: 25/25 MP: 1/1
  1031 | D:2      | Reached XP level 3. HP: 20/31 MP: 2/2
  1580 | D:3      | Reached skill level 5 in Crossbows
  1595 | D:2      | Reached XP level 4. HP: 20/40 MP: 3/3
  1955 | D:3      | Found Caseh's Magic Scroll Shoppe.
  1963 | D:3      | Bought a scroll of identify for 20 gold pieces
  2365 | D:3      | Identified a scroll of acquirement
  2503 | D:4      | Reached XP level 5. HP: 46/46 MP: 4/4
  2620 | D:4      | Noticed a phantom
  2631 | D:4      | Killed a phantom
  2663 | D:4      | Reached XP level 6. HP: 53/53 MP: 5/5
  2928 | D:4      | Found a runed translucent door.
  2928 | D:4      | Noticed a human
  2932 | D:4      | Found a basalt altar of Yredelemnul.
  3132 | D:4      | Reached skill level 5 in Fighting
  3132 | D:4      | Reached skill level 6 in Crossbows
  3296 | D:5      | Entered Level 5 of the Dungeon
  3296 | D:5      | Found a blossoming altar of Fedhas.
  3398 | D:5      | Reached skill level 5 in Dodging
  3414 | D:5      | Reached XP level 7. HP: 54/61 MP: 6/6
  3540 | D:5      | Found a hazy altar of Hepliaklqana.
  3686 | D:5      | Found Beubbolo's Weapon Emporium.
  3863 | D:5      | Reached skill level 7 in Crossbows
  3890 | D:5      | Found a staircase to the Ecumenical Temple.
  4121 | Temple   | Entered the Ecumenical Temple
  4702 | D:6      | Reached XP level 8. HP: 71/71 MP: 7/7
  4916 | D:6      | Acquired a +3 hand crossbow of flaming
  5034 | D:6      | Reached skill level 8 in Crossbows
  5040 | D:6      | Noticed a two-headed ogre
  5127 | D:6      | Noticed Blork the orc
  5322 | D:6      | Killed Blork the orc
  5430 | D:6      | Reached XP level 9. HP: 75/82 MP: 8/8
  5613 | D:6      | Killed a two-headed ogre
  5614 | D:6      | Reached skill level 9 in Crossbows
  5672 | D:6      | Found a runed translucent gate.
  5674 | D:6      | Found a runed translucent gate.
  5674 | D:6      | Found a runed translucent gate.
  5675 | D:6      | Noticed Laraso's ghost (novice PaAK)
  5748 | D:6      | Noticed Duvessa
  5748 | D:6      | Noticed Dowan
  5756 | D:6      | Killed Duvessa
  5760 | D:6      | Killed Dowan
  5994 | D:7      | Noticed Pikel
  6045 | D:6      | HP: 4/84 [Pikel/+1 whip of flaming (3)]
  6241 | D:5      | Killed Pikel
  6285 | D:6      | Reached skill level 10 in Fighting
  6287 | D:6      | Reached skill level 10 in Crossbows
  6840 | D:7      | Found a glowing golden altar of the Shining One.
  6843 | D:7      | Found a white marble altar of Elyvilon.
  6845 | D:7      | Found a glowing silver altar of Zin.
  6903 | D:7      | Reached XP level 10. HP: 83/93 MP: 9/9
  7582 | D:8      | Reached skill level 1 in Armour
  7680 | D:8      | Found an ornate altar of the Wu Jian Council.
  7768 | D:8      | Found a shimmering altar of Xom.
  7770 | D:8      | Found a hide-covered altar of Uskayaw.
  7771 | D:8      | Found an opulent altar of Gozag.
  7772 | D:8      | Found a broken altar of Ashenzari.
  7774 | D:8      | Became a worshipper of Gozag Ym Sagoz the Greedy
  7970 | D:3      | Bought 2 scrolls of enchant armour for 150 gold pieces
  7970 | D:3      | Bought a scroll of identify for 20 gold pieces
  7970 | D:3      | Bought a scroll of identify for 20 gold pieces
  7970 | D:3      | Bought a scroll of fear for 35 gold pieces
  7970 | D:3      | Bought a scroll of fear for 35 gold pieces
  8189 | D:9      | Found a burning altar of Makhleb.
  8249 | D:9      | Noticed a boulder beetle
  8268 | D:9      | HP: 1/94 [boulder beetle (23)]
  8647 | D:8      | Reached skill level 1 in Evocations
  8717 | D:9      | Reached skill level 10 in Dodging
  8728 | D:9      | Found a staircase to the Orcish Mines.
  8958 | D:9      | Found a staircase to the Lair.
  9109 | D:10     | Entered Level 10 of the Dungeon
  9310 | D:10     | Noticed a gargoyle
  9315 | D:10     | Killed a gargoyle
  9486 | D:10     | Noticed a boulder beetle
  9828 | D:10     | Noticed a six-headed hydra
  9947 | D:10     | Killed a six-headed hydra
  9948 | D:10     | Reached skill level 11 in Crossbows
 10038 | D:10     | Found an iron altar of Okawaru.
 10219 | D:10     | Killed a boulder beetle
 10583 | D:9      | Paralysed by an orc priest for 6 turns
 10611 | D:9      | Killed a boulder beetle
 10612 | D:9      | Reached XP level 11. HP: 48/102 MP: 10/10
 10981 | D:11     | Noticed Josephine
 11223 | D:11     | Reached skill level 5 in Armour
 11238 | D:11     | Noticed Sonja
 11244 | D:11     | Killed Sonja
 11258 | D:11     | Noticed a two-headed ogre
 11351 | D:10     | Killed Josephine
 12066 | D:11     | Noticed a boulder beetle
 12076 | D:11     | Killed a boulder beetle
 12215 | D:11     | Killed a two-headed ogre
 12216 | D:11     | Reached skill level 12 in Crossbows
 12416 | D:11     | Noticed Erica
 12433 | D:11     | Killed Erica
 12602 | Lair:1   | Entered Level 1 of the Lair of Beasts
 12706 | Lair:1   | Reached skill level 5 in Evocations
 12752 | Lair:1   | Reached XP level 12. HP: 113/113 MP: 11/11
 13556 | Lair:1   | Found the +8 whip "Snakebite" {venom, curare, rPois}
 13839 | Lair:2   | Found a transporter.
 13839 | Lair:2   | Noticed dolemite99's ghost (journeyman GnEE)
 14088 | Lair:2   | Found a transporter.
 14134 | Lair:2   | Found a staircase to the Swamp.
 14553 | D:6      | Killed Laraso's ghost
 14554 | D:6      | Reached skill level 1 in Maces & Flails
 14912 | Lair:3   | Noticed Gastronok
 14926 | Lair:3   | Killed Gastronok
 15087 | Lair:3   | Noticed Amaemon
 15122 | Lair:3   | Killed Amaemon
 16077 | Lair:4   | Found a hole to the Spider Nest.
 17103 | Lair:5   | Reached skill level 13 in Crossbows
 17110 | Lair:5   | Acquired a manual of Crossbows
 17254 | Lair:5   | Reached XP level 13. HP: 122/122 MP: 12/12
 17427 | Lair:5   | Found a staircase to the Slime Pits.
 17428 | Lair:5   | Found a viscous altar of Jiyva.
 17988 | Lair:6   | Entered Level 6 of the Lair of Beasts
 18035 | Lair:6   | Acquired a manual of Dodging
 18195 | Lair:6   | Reached skill level 5 in Maces & Flails
 18320 | Lair:6   | Reached skill level 14 in Crossbows
 18415 | Lair:6   | Reached skill level 10 in Armour
 18504 | Lair:6   | Bought a runed hand crossbow for 201 gold pieces
 19175 | Lair:6   | Reached XP level 14. HP: 133/133 MP: 13/13
 19735 | Lair:6   | Identified the amulet of the Nightingale {Faith rC+ rN+
                  | SInv}
 20528 | D:12     | Acquired the +5 arbalest of the Queen {penet, rElec Will-
                  | Dex+3 Stlth-}
 20727 | D:12     | Reached skill level 15 in Crossbows
 21015 | D:12     | Bought a masterwork ring mail for 279 gold pieces
 21015 | D:12     | Identified the +5 ring mail of Riseuhel {rElec rPois rC+}
                  | (You bought it in a shop on level 12 of the Dungeon)
 21032 | D:12     | Bought a scroll of magic mapping for 108 gold pieces
 21032 | D:12     | Bought a scroll of identify for 62 gold pieces
 21417 | D:12     | You fall into a shaft and drop 2 floors!
 21646 | D:12     | Found Poinn's Serpentskin Sales.
 21818 | Orc:1    | Entered Level 1 of the Orcish Mines
 21896 | Orc:1    | Found a runed translucent gate.
 21896 | Orc:1    | Found a runed translucent gate.
 21896 | Orc:1    | Found a runed translucent gate.
 22105 | Orc:1    | Paralysed by an orc sorcerer for 4 turns
 22293 | Orc:1    | Found a shimmering blue altar of Sif Muna.
 22393 | Orc:1    | Noticed Acaps's ghost (journeyman GrFi)
 22862 | Orc:1    | HP: 5/133 [Acaps's ghost (7)]
 22866 | D:9      | HP: 1/133 [Acaps's ghost (3)]
 22866 | D:9      | Slain by Acaps's ghost

Illustrated notes

Levels and vault maps discovered:
D:1:      dpeg_arrival_pond, layout_loops_ring, minmay_tromino_mix6
D:2:      layout_basic
D:3:      layout_basic, serial_shops,
          nicolae_shop_temple_entry_statues_fountains, hangedman_decor_growths
D:4:      layout_gridville, dk_yredelemnul_ordeal,
          chequers_serial_rivers_micro_a
D:5:      layout_loops_ring, fedhas_ov_isle_minmay,
          nicolae_hepliaklqana_hippocampus, minmay_temple_entry_fiery,
          serial_shops, shop
D:6:      layout_basic, biasface_ghost_orc_armoury, uniq_duvessa,
          uniq_blork_the_orc
D:7:      layout_cave_pools, good_gods_mini_temple, grunt_ministairs_4,
          item_on_display_a, uniq_pikel
D:8:      layout_cave_pools, minitemple, nicolae_wu_jian_wuxing_cycle,
          special_room [special_room_orc]
D:9:      layout_loops_ring, mainiacjoe_overflow_six_doors_small,
          lair_entry_dummy, hiddenorc2_lemuel
D:10:     layout_basic, kennysheep_okawaru_gauntlet
D:11:     layout_irregular_city, uniq_sonja, uniq_josephine, uniq_erica
D:12:     layout_long_grid, guppyfry_shop_venom
D:13:     layout_gridville, erik_vaults_2
D:14:     layout_long_grid, serial_shops, shop, old_standard_altar,
          evilmike_minifort
Temple:   compressed_dpeg_triangle_lava_temple
Lair:1:   minmay_guarded_unrand_snakebite, layout_loops_ring,
          infiniplex_staircase_pool, grunt_megastairs_5, serial_bayou_shore_a
Lair:2:   layout_chaotic_city, swamp_mist, gammafunk_ghost_arena
Lair:3:   layout_cave_pods, chequers_serial_rivers_small_3,
          nicolae_quartered_pool_super, uniq_amaemon, uniq_gastronok
Lair:4:   layout_regular_city, hellmonk_spider_entry_life_and_decay
Lair:5:   layout_roguey, slime_altar_1
Lair:6:   grunt_lair_end_beastmaster, layout_hall_layers, serial_bayou,
          serial_bayou_pond_d, serial_bayou_lagoon_a, serial_bayou_crossing,
          serial_bayou_pond_e, grunt_megastairs_2, lemuel_fruit_tree
Orc:1:    layout_caves, gammafunk_ghost_necromancy, led_sif_book

Skill      XL: |  1  2  3  4  5  6  7  8  9 10 11 12 13 14 |
---------------+-------------------------------------------+-----
Fighting       | 3 4 5 6 8 10 11 12 13 14 | 14.9
Dodging        | 3 4 5 6 7 9 10 11 12 14 | 14.8
Crossbows      | 5 6 7 8 10 11 12 13 14 15 | 15.4
Armour         | 4 6 8 10 11 | 11.0
Evocations     | 3 5 6 7 8 |  8.3
Maces & Flails | 3 6 7 |  7.6
Stealth        | |  0.7

Action                   |  1- 3 |  4- 6 |  7- 9 | 10-12 | 13-15 || total
-------------------------+-------+-------+-------+-------+-------++-------
Melee: Whip              |       |    13 |   109 |   169 |   235 ||   526
       Headbutt          |       |     1 |    31 |    49 |    70 ||   151
       Punch             |       |       |     3 |     2 |     2 ||     7
       Hand crossbow     |       |       |       |     1 |       ||     1
 Fire: Hand crossbow     |    75 |   105 |   208 |   761 |   310 ||  1459
       Arbalest          |       |       |       |       |   220 ||   220
Invok: Call Merchant     |       |       |       |       |     2 ||     2
Evoke: Wand              |       |       |       |     2 |       ||     2
  Use: Scroll            |       |     7 |     6 |    15 |    10 ||    38
       Potion            |       |       |     2 |     5 |     1 ||     8
 Stab: Distracted        |       |       |       |     1 |     4 ||     5
Armor: Leather armour    |     4 |     6 |     1 |       |       ||    11
       Ring mail         |       |       |    48 |   147 |   146 ||   341
       Steam dragon scal |       |       |    10 |       |       ||    10
Dodge: Dodged            |    25 |    57 |   220 |   518 |   362 ||  1182
Block: Buckler           |       |       |       |     3 |    96 ||    99

Table legend: (Time is in decaauts)
 A = Elapsed time spent in this place.
 B = Non-inter-level travel time spent in this place.
 C = Inter-level travel time spent in this place.
 D = Time resting spent in this place.
 E = Time spent auto-exploring this place.
 F = Levels seen in this place.
 G = Mean time per level.
                   A        B        C        D        E       F      G
               +--------+--------+--------+--------+--------+-----+--------+
         Total |  23149 |  21387 |   1762 |   2109 |  13849 |  22 | 1052.2 |
       Dungeon |  15310 |  13944 |   1366 |   2023 |   8367 |  14 | 1093.6 |
        Temple |    285 |    285 |      0 |      0 |    270 |   1 |  285.0 |
          Lair |   6834 |   6440 |    394 |     86 |   4810 |   6 | 1139.0 |
  Orcish Mines |    719 |    719 |      0 |      0 |    401 |   1 |  719.0 |
               +--------+--------+--------+--------+--------+-----+--------+

Top non-repeatable levels by time:
    D:10: 2102 daAuts
    D:11: 1969 daAuts
  Lair:6: 1799 daAuts
     D:5: 1620 daAuts
     D:6: 1607 daAuts
     D:9: 1558 daAuts
  Lair:1: 1351 daAuts
  Lair:3: 1135 daAuts
     D:3: 1032 daAuts
     D:2: 1010 daAuts
     D:8: 990 daAuts
    D:12: 972 daAuts
  Lair:5: 957 daAuts
     D:7: 954 daAuts
     D:4: 935 daAuts
